 Dungeon Sprint DCSS version 0.30-a0-272-gf98c3da03f (webtiles) character file.

Game seed: 6299431099586593289

7 rocky1 the Digger (level 2, 0/17 HPs)
             Began as an Octopode Earth Elementalist on Oct 16, 2022.
             Slain by a human (8 damage)
             ... in the Dungeon (Sprint III: "The Ten Rune Challenge").
             The game lasted 00:00:56 (228 turns).

rocky1 the Digger (Octopode Earth Elementalist)      Turns: 228, Time: 00:00:56

Health: 0/17       AC:  1    Str:  7    XL:     2   Next: 4%
Magic:  5/5        EV: 13    Int: 17    God:
Gold:   14         SH:  0    Dex: 12    Spells: 5/6 levels left

rFire   . . .      SeeInvis .    (no weapon)
rCold   . . .      Faith    .    (no shield)
rNeg    . . .      Spirit   .    (helmet restricted)
rPois   .          Reflect  .    (no amulet)
rElec   .          Harm     .    (no ring)
rCorr   .          Rampage  .    (no ring)
Will    .....      NoTele   +    (no ring)
Stlth   +++.......               (no ring)
HPRegen 0.22/turn                (no ring)
MPRegen 0.09/turn                (no ring)
                                 (no ring)
                                 (no ring)

@: no status effects
A: almost no armour, amphibious, 8 rings, camouflage 1, gelatinous body 1,
(nimble swimmer 1), tentacles
a: no special abilities


You were in the Dungeon.
You visited 1 branch You collected 14 gold pieces.

Inventory:

Scrolls
 f - a scroll of blinking
Potions
 a - 2 potions of magic
 b - a potion of curing
 c - a potion of heal wounds
 d - a potion of haste
 e - a potion of berserk rage


   Skills:
 + Level 2.2 Dodging
 + Level 3.3 Stealth
 + Level 2.6 Spellcasting
 + Level 1.0 Transmutations
 + Level 4.1 Earth Magic


You had 5 spell levels left.
You knew the following spells:

 Your Spells              Type           Power      Damage    Failure   Level
a - Sandblast             Erth           32%        2d9       3%          1

Your spell library contained the following spells:

 Spells                   Type           Power      Damage    Failure   Level
 Passwall                 Tmut/Erth      9%         N/A       10%         2
 Stone Arrow              Conj/Erth      18%        3d8       24%         3
 Petrify                  Tmut/Erth      11%        N/A       52%         4


Dungeon Overview and Level Annotations

Branches:
Dungeon (1/1)

Altars:


Innate Abilities, Weirdness & Mutations

You cannot wear most types of armour.
You are amphibious.
You can wear up to eight rings at the same time.
Your skin changes colour to match your surroundings (Stealth+).
Your rubbery body absorbs attacks. (AC +1, EV +1)
((You are camouflaged when in or above water. (Stealth+)))
You have tentacles for arms and can constrict up to eight enemies at once.


Message History

Aiming: Sandblast (safe; 3% risk of failure)
Press: ? - help, Q - select action Shift-Dir - straight line, f/p - human
Aim: a human (lightly wounded, 75% to hit)
The blast of sand hits the human.
The human is lightly wounded.
The human hits you.
Aiming: Sandblast (safe; 3% risk of failure)
Press: ? - help, Q - select action Shift-Dir - straight line, f/p - human
Aim: a human (lightly wounded, 75% to hit)
The blast of sand hits the human.
The human is lightly wounded.
The human barely misses you. The human closely misses you.
Aiming: Sandblast (safe; 3% risk of failure)
Press: ? - help, Q - select action Shift-Dir - straight line, f/p - human
Aim: a human (lightly wounded, 75% to hit)
The blast of sand hits the human!
The human is heavily wounded.
The human misses you.
You barely miss the human. Your grab misses the human.
The human is heavily wounded.
The human hits you.
You barely miss the human. You grab the human.
The human is heavily wounded.
You constrict the human. The human barely misses you.
You tentacle-slap the human but do no damage.
You squeeze the human.
The human is heavily wounded.
You constrict the human, but do no damage.
The human hits you!
Unknown command.
Magic courses through your body.
You constrict the human. The human barely misses you.
Unknown command.
Aiming: Sandblast (safe; 3% risk of failure)
Press: ? - help, Q - select action Shift-Dir - straight line, f/p - human
Aim: a human (heavily wounded, constricted by you, 100% to hit)
The blast of sand hits the human.
The human is severely wounded.
You constrict the human. The human hits you!
You die...

▓...#......##
▓..##.......# ..#
▓##.##.##..†# ..#
##.##.###..# #..#
▓#.####.##..# ...+
▓.###..##..## #...#
▓#.....##..###....#
###..##...##p....#
##..##....#.@....#
#..###..##.#.....#
#..# #.. ####....#
▓▓▓▓ ▓▓▓ ▓▓▓▓▓


You could see a human.

Vanquished Creatures
  A phantom (D)
  An endoplasm (D)
  3 rats (D)
5 creatures vanquished.

Notes
Turn   | Place    | Note
-------+----------+-------------------------------------------
     0 | D        | rocky1 the Octopode Earth Elementalist began the quest for
                  | the Orb.
     0 | D        | Reached XP level 1. HP: 11/11 MP: 3/3
    72 | D        | Reached skill level 4 in Earth Magic
    72 | D        | Reached XP level 2. HP: 17/17 MP: 1/5
   228 | D        | Slain by a human

Illustrated notes

Levels and vault maps discovered:
D:        dungeon_sprint_mu [sprint_mu_entry_cave, sprint_mu_temple_rooms,
          sprint_mu_d1_horrors, sprint_mu_d2_genie, sprint_mu_d3_branching,
          sprint_mu_orc_legion, sprint_mu_elf_gauntlet, sprint_mu_hive_nellie,
          sprint_mu_lair_fedhas, sprint_mu_vaults_butterflies,
          sprint_mu_slime_circle, sprint_mu_shoals_kraken,
          sprint_mu_snake_twists, sprint_mu_blade_basic,
          sprint_mu_crypt_chambers, sprint_mu_tomb_spiral,
          sprint_mu_vestibule_basic, sprint_mu_gehenna_hellfire,
          sprint_mu_dis_giant, sprint_mu_tartarus_statrot,
          sprint_mu_cocytus_islands, sprint_mu_zot1]

Skill      XL: |  1 |
---------------+----+-----
Stealth        | 3 |  3.3
Earth Magic    | 4 |  4.1
Dodging        | |  2.2
Spellcasting   | |  2.6
Transmutations | |  1.0

Action                   || total
-------------------------++-------
Melee: Unarmed           ||     3
       Constrict         ||     1
       Tentacles         ||     1
 Cast: Sandblast         ||    12
  Use: Potion            ||     1
Dodge: Dodged            ||     5

Table legend: (Time is in decaauts)
 A = Elapsed time spent in this place.
 B = Non-inter-level travel time spent in this place.
 C = Inter-level travel time spent in this place.
 D = Time resting spent in this place.
 E = Time spent auto-exploring this place.
 F = Levels seen in this place.
 G = Mean time per level.
                   A        B        C        D        E       F      G
               +--------+--------+--------+--------+--------+-----+--------+
         Total |    233 |    233 |      0 |    154 |     18 |   1 |  233.0 |
       Dungeon |    233 |    233 |      0 |    154 |     18 |   1 |  233.0 |
               +--------+--------+--------+--------+--------+-----+--------+

Top non-repeatable levels by time:
       D: 233 daAuts
